Map: Black Site 2E

Players

Alebay - Winner!

  • Race: Protoss Protoss
  • Spawn Location: 6:00

PiPuxD - Winner!

  • Race: Terran Terran
  • League: Gold
  • Spawn Location: 5:00

MattBarry - Winner!

  • Race: Zerg Zerg
  • League: Gold
  • Spawn Location: 3:00

ISaidCalc

  • Race: Zerg Zerg
  • Spawn Location: 9:00

mocking

  • Race: Terran Terran
  • Spawn Location: 12:00

Clarence

  • Race: Zerg Zerg
  • Spawn Location: 11:00

VOD

Have the link to the VOD?

Description

Time

  • Played on: Jan. 28, 2023, 1:01 a.m.
  • Length: 14:27
Show
View Real Time Build Order
Export as new Build Order

Alebay Protoss - Winner!

Build Orders:  

Get SALT Encoding   

  12  0:00  Probe  
  13  0:12  Probe  
  14  0:18  Pylon  
  14  0:24  Probe  
  15  0:36  Gateway  
  15  0:38  Probe  
  16  0:45  Assimilator  
  16  0:50  Probe  
  17  1:02  Probe  
  18  1:14  Probe  
  19  1:19  Gateway  
  19  1:24  Cybernetics Core  
  19  1:26  Probe  
  20  1:33  Assimilator  
  20  1:38  Probe  
  21  1:44  Pylon  
  21  1:50  Probe  
  21  1:51  Warp Gate (Chrono Boost)  
  22  2:03  Adept  
  22  2:06  Adept  
  26  2:11  Pylon  
  26  2:26  Gateway  
  26  2:41  Nexus  
  26  2:45  Probe  
  27  3:00  Probe  
  28  3:17  Probe  
  28  3:19  Stalker x2  
  33  3:24  Stalker  
  35  3:28  Pylon  
  35  3:32  Probe  
  36  3:42  Stalker  
  36  3:46  Adept  
  36  3:47  Adept  
  42  3:50  Probe  
  43  3:57  Probe  
  45  4:02  Probe  
  45  4:26  Stalker x3  
  51  4:50  Stalker x3  
  55  5:54  Stalker x3  
  59  6:11  Pylon  
  59  6:14  Pylon  
  59  6:15  Pylon  
  59  6:17  Pylon  
  57  6:20  Pylon  
  57  6:22  Pylon  
  43  6:48  Stalker  
  43  6:49  Stalker x2  
  43  6:50  Probe x2  
  45  6:55  Gateway  
  45  6:56  Gateway  
  45  6:58  Gateway  
  43  7:02  Probe x2  
  45  7:13  Assimilator  
  45  7:14  Probe  
  45  7:15  Stalker x3, Probe  
  53  7:17  Assimilator, Nexus  
  53  7:26  Probe  
  53  7:27  Probe  
  55  7:49  Stalker x3  
  57  8:13  Stalker x6  
  69  8:21  Probe x2  
  71  8:33  Probe x2  
  73  8:35  Twilight Council  
  73  8:38  Forge  
  73  8:40  Probe  
  74  8:41  Forge  
  74  8:45  Probe x2  
  76  8:54  Stalker x4  
  76  8:55  Stalker  
  86  9:05  Protoss Ground Weapons Level 1 (Chrono Boost)  
  86  9:08  Protoss Ground Armor Level 1 (Chrono Boost)  
  86  9:11  Blink (Chrono Boost)  
  86  9:17  Probe x3  
  89  9:29  Stalker x2  
  89  9:30  Stalker x2  
  97  9:35  Assimilator  
  97  9:37  Assimilator  
  97  9:38  Probe x3  
  99  9:44  Pylon  
  100  9:46  Pylon  
  100  9:56  Probe  
  100  9:57  Probe x2  
  103  10:03  Stalker x4  
  111  10:18  Probe x3  
  114  10:29  Stalker x5  
  114  10:30  Stalker  
  126  10:47  Robotics Facility  
  126  10:48  Robotics Facility  
  126  10:56  Stalker x5  
  136  11:09  Protoss Ground Weapons Level 2 (Chrono Boost)  
  136  11:10  Protoss Ground Armor Level 2 (Chrono Boost)  
  136  11:38  Pylon  
  136  11:40  Pylon, Nexus  
  136  11:41  Pylon  
  136  11:44  Pylon  
  136  11:46  Pylon  
  136  11:48  Pylon  
  136  11:50  Pylon  
  136  11:53  Pylon  
  136  11:56  Pylon  
  136  12:04  Observer x2  
  138  12:25  Stalker x4  
  138  12:26  Stalker x2  
  114  12:55  Stalker x3  
  114  12:56  Stalker x2  
  114  12:57  Stalker  
  126  13:04  Probe x4  
  130  13:16  Probe x4  
  134  13:36  Stalker x2  
  134  13:37  Stalker x4  
  110  14:16  Stalker x5  
  110  14:17  Stalker  
Show
View Real Time Build Order
Export as new Build Order

PiPuxD Terran - Winner!

Build Orders: 2 Factory, Reaper Expand, Mech 

Get SALT Encoding   

  12  0:00  SCV  
  13  0:12  SCV  
  14  0:18  Supply Depot  
  14  0:24  SCV  
  15  0:39  SCV  
  15  0:41  Barracks  
  16  0:46  Refinery  
  16  0:51  SCV  
  17  1:04  SCV  
  18  1:16  SCV  
  19  1:28  Orbital Command  
  19  1:34  Reaper  
  20  1:44  Command Center  
  20  1:53  SCV  
  20  1:54  Refinery  
  21  2:05  Supply Depot  
  21  2:06  SCV  
  21  2:07  Barracks Reactor  
  22  2:18  SCV  
  23  2:29  Factory  
  23  2:30  SCV  
  24  2:42  SCV  
  25  2:47  Marine x2  
  27  3:06  SCV  
  27  3:18  Factory  
  27  3:19  SCV  
  28  3:21  Orbital Command  
  28  3:28  Hellion x2  
  28  3:29  Barracks Tech Lab  
  32  3:36  SCV  
  32  3:37  Starport  
  32  3:39  Engineering Bay  
  33  3:47  SCV  
  33  3:48  SCV  
  35  3:53  Hellion x2  
  39  4:00  Supply Depot  
  39  4:01  SCV x2  
  41  4:13  SCV x2  
  43  4:17  Infernal Pre-Igniter  
  43  4:24  Medivac  
  43  4:26  Widow Mine x2, Armory  
  49  4:32  Siege Tank  
  49  4:33  SCV  
  49  4:34  SCV  
  49  4:37  Supply Depot  
  54  4:54  SCV x2  
  54  5:17  SCV x2  
  54  5:19  Widow Mine x2  
  54  5:21  Starport Reactor  
  60  5:22  Siege Tank  
  60  5:25  Supply Depot  
  60  5:27  Supply Depot  
  57  5:34  Supply Depot  
  57  5:37  SCV  
  57  5:38  SCV  
  59  5:45  Command Center, Hellion  
  59  5:47  Hellion  
  63  5:50  Supply Depot  
  63  5:52  Supply Depot, Factory, SCV x2  
  63  5:56  Refinery  
  65  5:57  Refinery  
  65  6:01  Armory  
  65  6:04  SCV x2  
  67  6:12  Hellion x2  
  67  6:16  SCV x2  
  73  6:41  SCV x2  
  73  6:43  Hellion x2  
  73  6:44  Liberator x2  
  85  6:51  Factory Tech Lab  
  85  6:55  Factory  
  83  7:15  SCV x2  
  79  7:20  Terran Vehicle Weapons Level 1  
  79  7:23  Hellion x2  
  79  7:24  Armory  
  83  7:30  Orbital Command  
  83  7:32  SCV x2  
  83  7:35  Terran Vehicle And Ship Armor Level 1  
  85  7:44  SCV x2, Factory Tech Lab  
  85  7:49  Refinery  
  87  7:52  Refinery  
  87  7:53  Siege Tank x2, Hellion x2  
  87  7:56  SCV x2  
  91  8:20  Thor, Hellion x2  
  97  8:32  SCV x3  
  100  8:41  Liberator x2  
  100  8:44  SCV x2  
  100  8:45  SCV  
  100  8:47  Supply Depot  
  109  8:56  Thor x2, SCV  
  109  8:57  SCV  
  123  9:22  Hellion x2  
  123  9:23  Siege Tank  
  130  9:28  Command Center  
  130  9:30  Supply Depot x2  
  130  9:31  Supply Depot x2, Terran Vehicle And Ship Armor Level 2  
  130  9:32  Terran Vehicle Weapons Level 2  
  130  9:34  Liberator  
  133  9:50  Hellion  
  133  9:51  Siege Tank x2, Hellion  
  143  10:00  Drilling Claws  
  143  10:04  Smart Servos  
  140  10:27  Siege Tank x2  
  140  10:28  Siege Tank  
  149  10:29  Liberator, Hellion x2  
  156  10:45  Fusion Core  
  156  10:53  Orbital Command  
  156  11:03  SCV x3  
  159  11:15  SCV  
  160  11:20  Thor x3  
  160  11:21  Liberator  
  181  11:27  Refinery  
  181  11:31  Hellion x2, Refinery  
  185  11:36  Advanced Ballistics  
  184  12:08  Hellion  
  184  12:09  Hellion  
  175  12:47  Siege Tank  
  175  12:48  Siege Tank x2  
  175  12:49  Liberator x2, Hellion x2  
  187  12:59  SCV x4  
  191  13:20  Hellion x2  
  195  13:29  Siege Tank  
  198  13:44  Siege Tank  
Show
View Real Time Build Order
Export as new Build Order

MattBarry Zerg - Winner!

Build Orders: Hatch First 

Get SALT Encoding   

  12  0:00  Drone  
  13  0:17  Overlord  
  13  0:23  Drone  
  14  0:43  Drone x2  
  16  0:56  Hatchery  
  15  1:01  Drone  
  15  1:03  Drone  
  17  1:09  Drone  
  18  1:12  Extractor  
  17  1:26  Spawning Pool  
  17  1:27  Drone  
  17  1:29  Drone  
  18  1:40  Drone  
  19  1:47  Overlord  
  19  2:07  Drone  
  20  2:12  Queen  
  20  2:15  Zergling x2  
  23  2:16  Zergling x2  
  23  2:17  Metabolic Boost  
  23  2:18  Queen  
  26  2:26  Drone x2  
  28  2:31  Drone  
  28  2:33  Drone  
  30  2:43  Drone x2  
  32  3:00  Queen x2  
  32  3:03  Overlord  
  36  3:07  Drone, Extractor  
  37  3:24  Zergling x10  
  37  3:25  Zergling x2  
  43  3:36  Zergling x2  
  44  3:41  Overlord  
  44  3:42  Overlord  
  42  4:06  Roach Warren  
  42  4:07  Zergling x18  
  50  4:18  Drone  
  50  4:20  Drone x2  
  53  4:36  Drone x4  
  53  4:37  Drone x2  
  59  4:42  Extractor  
  55  5:06  Zergling x12  
  60  5:08  Overlord x4  
  60  5:20  Overlord x2  
  60  5:29  Zergling x12  
  62  5:38  Zergling x2  
  62  5:39  Zergling x2  
  62  5:45  Lair  
  60  5:53  Evolution Chamber  
  58  5:57  Evolution Chamber  
  58  5:59  Zergling x10  
  58  6:00  Zergling x6  
  63  6:22  Zergling x20  
  64  6:42  Zergling x2  
  64  6:43  Zergling x6  
  62  6:49  Zerg Melee Weapons Level 1  
  54  7:10  Spire  
  54  7:11  Glial Reconstitution  
  54  7:13  Zerg Ground Armor Level 1  
  45  7:17  Evolution Chamber  
  45  7:22  Hatchery x2  
  42  7:24  Drone  
  42  7:25  Drone x9  
  42  7:26  Drone x3  
  55  7:30  Pneumatized Carapace  
  55  7:43  Roach x3  
  61  7:45  Hatchery  
  50  8:20  Queen  
  50  8:22  Queen  
  54  8:30  Drone  
  54  8:31  Drone x7  
  61  8:51  Drone x3  
  61  8:52  Drone x6  
  70  8:56  Queen  
  72  9:04  Queen  
  72  9:05  Queen  
  72  9:07  Drone  
  72  9:08  Drone x2  
  79  9:15  Drone x2  
  79  9:16  Drone x3  
  84  9:41  Mutalisk x4, Extractor  
  84  9:44  Mutalisk  
  93  9:45  Extractor  
  92  10:12  Drone  
  92  10:13  Drone x3  
  96  10:14  Mutalisk  
  98  10:21  Zergling x2  
  98  10:22  Zergling x50  
  98  10:23  Zergling x2  
  98  10:26  Extractor  
  98  10:27  Extractor  
  123  10:40  Overseer  
  121  10:46  Hatchery  
  119  10:52  Zergling x2  
  119  10:53  Zergling x10  
  119  10:54  Overlord x4  
  103  11:20  Zergling x28  
  103  11:21  Zergling x14  
  99  11:59  Mutalisk x11  
  99  12:23  Zergling x12  
  99  12:24  Zergling x22  
  113  12:48  Mutalisk x3  
  113  12:49  Mutalisk x2  
  117  13:18  Hatchery  
  117  13:19  Overseer x2  
  116  13:20  Overseer  
  116  13:23  Mutalisk x3  
  122  13:33  Mutalisk  
  122  13:34  Mutalisk  
  118  13:57  Zergling x2  
  118  13:58  Zergling x34  
  118  13:59  Zergling x28  
Show
View Real Time Build Order
Export as new Build Order

ISaidCalc Zerg 

Build Orders: Pool First 

Get SALT Encoding   

  12  0:04  Drone  
  13  0:18  Drone  
  14  0:31  Overlord  
  14  0:44  Spawning Pool  
  13  1:02  Hatchery  
  12  1:05  Drone  
  13  1:17  Extractor  
  13  1:18  Drone x2  
  13  1:21  Drone  
  15  1:29  Drone  
  16  1:38  Queen  
  18  1:45  Drone  
  19  1:55  Drone  
  20  2:12  Drone  
  21  2:16  Queen  
  21  2:19  Queen  
  25  2:25  Metabolic Boost  
  25  2:27  Drone  
  26  2:32  Drone  
  27  2:39  Zergling x2  
  28  2:48  Overlord x2  
  28  3:07  Pneumatized Carapace  
  28  3:09  Drone x2  
  28  3:10  Drone x3  
  28  3:11  Drone  
  34  3:22  Zergling x4  
  35  3:35  Drone x6  
  41  3:51  Drone x2  
  43  4:00  Overlord  
  43  4:01  Overlord x2  
  43  4:08  Roach Warren  
  42  4:13  Evolution Chamber  
  41  4:26  Zergling x10  
  41  4:27  Zergling x4  
  48  4:35  Zergling x4, Hatchery  
  48  4:36  Zergling x8  
  53  4:46  Zerg Ground Armor Level 1  
  53  4:48  Roach x2  
  45  5:08  Roach x4  
  50  5:17  Roach  
  50  5:18  Roach x2  
  50  5:19  Drone  
  53  5:42  Roach x2  
  51  5:51  Roach  
  51  5:52  Queen x3  
  57  5:57  Zergling x10  
  57  5:58  Zergling x6  
  57  6:00  Extractor  
  57  6:01  Overlord  
  57  6:02  Extractor  
  63  6:07  Extractor  
  62  6:17  Roach x2  
  65  6:20  Roach x2  
  66  6:33  Roach  
  66  6:34  Zergling x4  
  69  6:42  Roach  
  69  6:43  Zergling x6  
  69  6:44  Zergling x2  
  72  6:58  Drone x2  
  74  7:10  Zerg Missile Weapons Level 1  
  71  7:20  Drone x2  
  73  7:23  Overlord x2  
  68  7:52  Roach x7  
  70  8:07  Roach x3  
  70  8:09  Roach, Drone  
  70  8:10  Drone x3  
  64  8:18  Roach x2  
  61  8:20  Drone  
  61  8:27  Overlord  
  61  8:34  Drone x2  
  61  8:35  Drone  
  64  8:41  Lair  
  64  8:43  Drone x2  
  64  8:44  Drone  
  67  8:58  Spore Crawler  
  67  9:01  Drone x3  
  67  9:02  Drone x3  
  72  9:12  Ravager x4  
  72  9:13  Ravager  
  77  9:18  Roach  
  77  9:19  Roach  
  77  9:22  Drone x3  
  77  9:23  Drone  
  85  9:27  Extractor  
  84  9:38  Roach x3  
  90  9:44  Glial Reconstitution  
  90  9:46  Overseer  
  90  9:55  Overlord x3  
  90  9:56  Overlord x2  
  90  10:03  Extractor  
  90  10:06  Evolution Chamber  
  88  10:19  Roach x7  
  99  10:33  Drone x3  
  99  10:34  Drone x3  
  103  10:42  Spore Crawler  
  102  10:43  Drone x3  
  105  10:50  Zergling x8  
  105  10:53  Zergling x2  
  105  10:55  Drone  
  108  11:01  Drone x3  
  110  11:09  Drone x4  
  114  11:16  Drone  
  114  11:17  Drone x3  
  115  11:27  Drone  
  115  11:28  Drone x6  
  120  11:41  Queen x2  
  120  11:42  Queen  
  124  11:51  Drone x5  
  127  12:21  Ravager x2  
  129  12:23  Overlord x3  
  129  12:24  Overlord x3  
  129  12:30  Infestation Pit  
  117  12:40  Spire  
  109  12:54  Ravager  
  109  12:55  Ravager  
  109  12:58  Ravager  
  96  13:07  Roach x6  
  96  13:08  Roach x8  
  120  13:39  Spore Crawler  
  120  13:41  Spore Crawler  
  118  13:43  Spore Crawler  
  118  13:44  Spore Crawler  
  116  13:50  Roach  
  117  14:02  Roach x6  
  94  14:03  Roach x2  
Show
View Real Time Build Order
Export as new Build Order

mocking Terran 

Build Orders:  

Get SALT Encoding   

  12  0:01  SCV  
  13  0:16  SCV  
  14  0:22  Supply Depot  
  14  0:28  SCV  
  15  0:31  Refinery  
  15  0:44  SCV  
  16  0:50  Barracks  
  16  0:56  SCV  
  17  1:08  SCV  
  18  1:21  SCV  
  19  1:33  Command Center  
  19  1:43  Supply Depot  
  19  1:50  SCV  
  19  1:53  Barracks Reactor, Refinery  
  20  2:05  Orbital Command  
  20  2:20  Barracks  
  20  2:39  SCV  
  20  2:43  Marine x2  
  20  3:09  SCV  
  20  3:14  Orbital Command  
  20  3:21  Supply Depot, SCV  
  20  3:22  Barracks Tech Lab  
  20  3:24  Marine  
  22  3:33  SCV  
  23  3:38  Factory  
  23  3:42  SCV  
  23  3:45  SCV  
  25  3:54  SCV  
  26  3:55  Marine  
  26  3:56  Marine  
  26  3:57  SCV, Stimpack  
  29  4:06  SCV  
  31  4:10  SCV  
  31  4:21  Marine x2  
  33  4:26  Marauder  
  33  4:30  Starport, Factory Tech Lab  
  35  4:34  SCV x2  
  37  4:39  Marine x2  
  37  4:41  Engineering Bay  
  39  4:47  Marauder  
  39  4:48  SCV x2  
  43  4:57  Marine  
  33  5:10  Starport Reactor  
  33  5:11  Barracks  
  33  5:13  Marine x2  
  35  5:19  Siege Tank  
  38  5:29  SCV x2  
  38  5:33  Marine x3  
  43  5:37  Command Center  
  43  5:41  SCV  
  43  5:42  SCV  
  45  5:51  Marine x3, Siege Tank  
  51  6:08  Marine  
  51  6:09  Marine x2  
  53  6:25  Engineering Bay  
  53  6:26  Marine  
  53  6:29  Medivac  
  53  6:32  Medivac  
  53  6:51  Supply Depot  
  53  7:01  SCV  
  53  7:03  SCV  
  52  7:13  SCV  
  52  7:14  Marine  
  52  7:15  Marine, SCV, Marauder  
  46  7:17  Barracks Tech Lab  
  46  7:26  SCV  
  46  7:27  Supply Depot, Terran Infantry Armor Level 1, Terran Infantry Weapons Level 1  
  46  7:28  SCV  
  48  7:38  Barracks, SCV  
  48  7:40  SCV  
  48  7:42  Missile Turret  
  50  7:50  SCV  
  51  7:51  Refinery  
  51  7:52  SCV, Refinery  
  52  7:58  Armory  
  52  7:59  Orbital Command  
  52  8:01  Marine x4  
  56  8:07  Siege Tank  
  56  8:08  Medivac  
  65  8:20  Marauder x2  
  65  8:23  SCV x2  
  67  8:31  Missile Turret  
  67  8:34  Barracks Tech Lab  
  67  8:35  Barracks, SCV  
  67  8:40  Combat Shield  
  68  8:43  Concussive Shells  
  68  8:46  Marine, Marauder x2  
  73  8:54  SCV x3  
  76  9:06  SCV, Ghost Academy  
  77  9:27  Barracks Tech Lab  
  77  9:38  Factory  
  77  9:39  Terran Vehicle Weapons Level 1  
  77  9:40  Terran Infantry Armor Level 2, Terran Infantry Weapons Level 2  
  77  9:44  Ghost, Marauder x2  
  77  9:45  Marine x2  
  85  9:52  Supply Depot  
  85  9:57  Ghost  
  87  10:02  Marine, Refinery  
  87  10:05  Ghost  
  90  10:11  Missile Turret  
  89  10:25  Factory Tech Lab  
  89  10:26  Missile Turret  
  89  10:43  SCV x3  
  89  10:46  Marauder x4  
  89  10:49  Supply Depot  
  100  10:52  Refinery  
  100  10:55  SCV  
  101  11:01  SCV  
  101  11:11  SCV, Siege Tank x2  
  105  11:32  Marine x3  
  107  11:36  Supply Depot  
  107  11:37  Marine  
  109  11:43  Marine x2  
  109  11:45  Medivac x2  
  115  11:50  Marine  
  116  12:12  Marine x3  
  116  12:13  Marauder x3  
  125  12:29  Ghost  
  125  12:33  Ghost  
  69  12:56  Marine x3, Ghost  
  69  12:58  Ghost  
  72  13:03  Marauder  
  76  13:09  Liberator x2  
  82  13:15  Starport, Marauder  
  84  13:23  Siege Tank  
  84  13:24  Siege Tank  
  84  13:26  SCV x2  
  84  13:27  SCV  
  93  13:30  Marine x2  
  93  13:31  Marine x3  
  98  13:35  Marine  
  99  13:48  Marine x2  
  95  13:54  Marine x2  
  95  13:55  Marine x2  
  78  14:06  Marine  
  78  14:08  Starport Reactor  
Show
View Real Time Build Order
Export as new Build Order

Clarence Zerg 

Build Orders: Hatch First 

Get SALT Encoding   

  12  0:00  Drone  
  13  0:08  Drone  
  14  0:23  Overlord  
  14  0:41  Drone  
  14  0:42  Drone x2  
  17  0:59  Drone  
  17  1:02  Hatchery  
  17  1:13  Spawning Pool  
  17  1:15  Drone  
  17  1:41  Hatchery  
  17  1:43  Drone  
  17  1:49  Drone  
  18  1:58  Extractor  
  18  1:59  Queen  
  19  2:02  Drone  
  19  2:03  Extractor  
  19  2:05  Drone  
  20  2:09  Drone  
  21  2:18  Drone  
  22  2:27  Drone  
  23  2:31  Drone  
  23  2:32  Drone  
  23  2:34  Queen  
  27  2:44  Drone  
  27  2:50  Lair  
  28  2:56  Drone  
  28  2:57  Drone  
  30  3:05  Zergling x2  
  30  3:06  Zergling x2  
  32  3:19  Zergling x4  
  34  3:31  Overlord x2  
  34  3:42  Overlord  
  34  3:49  Queen  
  34  3:53  Drone x7  
  42  4:04  Drone x3  
  42  4:05  Extractor x2  
  43  4:16  Drone x2  
  45  4:20  Hydralisk Den  
  45  4:24  Overlord  
  44  4:31  Drone x5  
  47  4:37  Overlord  
  49  4:40  Overlord  
  49  4:52  Hydralisk  
  49  4:53  Hydralisk x2  
  53  5:06  Hydralisk x3  
  56  5:10  Muscular Augments  
  34  5:24  Hydralisk  
  34  5:25  Hydralisk  
  36  5:36  Hydralisk  
  30  5:48  Hydralisk x2  
  34  5:53  Hydralisk  
  30  6:07  Hydralisk x2  
  30  6:22  Grooved Spines  
  10  6:38  Drone x2  
  10  6:39  Drone x3  
  15  6:58  Drone x5  
  15  6:59  Drone x2  
  16  7:02  Drone  
  16  7:05  Drone x3  
  16  7:08  Queen  
  23  7:15  Drone  
  22  7:23  Hydralisk  
  24  7:32  Hydralisk  
  26  7:42  Hydralisk  
  28  8:01  Hydralisk  
  30  8:19  Drone x5  
  35  8:34  Hatchery  
  34  8:45  Hatchery  
  33  8:49  Drone x2  
  35  8:59  Evolution Chamber  
  35  9:00  Drone  
  35  9:01  Evolution Chamber, Drone  
  35  9:08  Drone  
  36  9:11  Drone  
  37  9:22  Drone  
  38  9:24  Overlord  
  38  9:34  Zerg Missile Weapons Level 1  
  38  9:42  Zerg Ground Armor Level 1  
  38  9:47  Drone  
  38  9:49  Drone  
  40  9:57  Drone x2  
  40  9:58  Drone  
  43  10:05  Drone x2  
  43  10:06  Drone  
  46  10:16  Drone x2  
  46  10:17  Drone x2  
  50  10:38  Hydralisk x4  
  58  10:53  Overlord x3  
  58  11:11  Queen  
  60  11:23  Hydralisk x4  
  68  11:28  Queen  
  68  11:29  Drone x2  
  68  11:30  Drone x3  
  75  11:40  Zerg Missile Weapons Level 2  
  75  11:41  Zerg Ground Armor Level 2  
  76  11:47  Drone x6  
  81  11:55  Extractor  
  81  11:58  Extractor  
  81  12:01  Drone x3  
  82  12:03  Extractor  
  82  12:06  Extractor  
  82  12:07  Hydralisk  
  77  12:26  Nydus Network  
  76  12:30  Nydus Network  
  76  12:33  Nydus Network  
  76  12:34  Hydralisk, Hatchery  
  65  12:46  Hydralisk  
  65  12:47  Hydralisk x4  
  75  13:04  Drone  
  76  13:08  Pneumatized Carapace  
  76  13:13  Overlord x4  
  76  13:23  Overseer  
  76  13:33  Hydralisk x3  
  76  13:34  Hydralisk x4  
  90  13:52  Nydus Canal  
  90  13:53  Hydralisk x2  
Tags
 
Add a new tag
Caveats
  • Supply blocks, unpowered buildings, or Contaminate may cause inaccurate times.
  • Supply counts are checked every 10 seconds.